General information
- name: BNet
- type: Ladder 1vs1/FFA
- host: Battle.net
- saver: lllIIIIllIIllII
map: TerenasStand
- players: 2
- length: 20:30
- speed: Fast
- version: 1.24 W3XP
- replay type: Public
» download(70 KB)
Players
team 1 (loser)
doda (
pink | 130 APM | 2660 actions | 20:27)
4 Demon Hunter
2 Mana Burn
1 Immolation
1 Evasion
2 Keeper of the Grove
1 Entangling Roots
1 Force of Nature
» actions
| Assign group hotkey | 15 | |
| Build / train | 70 | |
| Enter build submenu | 22 | |
| Enter hero's abilities submenu | 6 | |
| Give item / drop item | 4 | |
| Remove unit from queue | 2 | |
| Right click | 1106 | |
| Select / deselect | 652 | |
| Select group hotkey | 696 | |
| Use ability | 87 | |
2660 total
» units
| Wisp | 30 | |
| Archer | 5 | |
| Dryad | 4 | |
| Mountain Giant | 1 | |
| Druid of the Claw | 1 | |
| Hippogryph | 4 | |
45 total
» upgrades
| Reinforced Hides | 2 | |
| Abolish Magic | 1 | |
| Strength of the Wild | 1 | |
| Druid of the Claw Training | 2 | |
6 total
» buildings
| Altar of Elders | 1 | |
| Moon Well | 5 | |
| Ancient of War | 2 | |
| Hunter's Hall | 1 | |
| Ancient of Wonders | 2 | |
| Tree of Ages | 4 | |
| Ancient Protector | 2 | |
| Tree of Life | 3 | |
| Ancient of Lore | 2 | |
| Tree of Eternity | 1 | |
| Ancient of Wind | 2 | |
25 total
» build order
00:14 Altar of Elders
00:37 Moon Well
00:51 Ancient of War
01:40 Ancient of War
02:00 Moon Well
02:33 Moon Well
03:28 Moon Well
04:16 Hunter's Hall
04:34 Moon Well
05:08 Ancient of Wonders
05:17 Tree of Ages
05:18 Tree of Ages
06:21 Ancient of Wonders
06:25 Ancient Protector
07:09 Tree of Life
07:28 Ancient Protector
08:03 Ancient of Lore
08:53 Ancient of Lore
11:51 Tree of Eternity
12:28 Ancient of Wind
13:23 Tree of Life
13:30 Ancient of Wind
18:52 Tree of Life
» items
| Boots of Speed | 1 | |
| Scroll of Town Portal | 1 | |
| Orb of Venom | 1 | |
3 total
team 2 (winner)
lllIIIIllIIllII (
blue | 70 APM | 1443 actions | 20:30)
4 Blademaster
2 Wind Walk
2 Critical Strike
» actions
| Assign group hotkey | 14 | |
| Basic commands | 79 | |
| Build / train | 59 | |
| ESC pressed | 3 | |
| Enter build submenu | 56 | |
| Enter hero's abilities submenu | 4 | |
| Give item / drop item | 3 | |
| Remove unit from queue | 1 | |
| Right click | 632 | |
| Select / deselect | 219 | |
| Select group hotkey | 294 | |
| Use ability | 79 | |
1443 total
» units
» upgrades
| Ranged Weapons | 1 | |
| Liquid Fire | 1 | |
2 total
» buildings
| Altar of Storms | 2 | |
| Orc Burrow | 6 | |
| War Mill | 1 | |
| Voodoo Lounge | 1 | |
| Watch Tower | 29 | |
| Stronghold | 1 | |
| Beastiary | 2 | |
| Great Hall | 1 | |
| Fortress | 1 | |
44 total
» build order
00:06 Altar of Storms
00:09 Altar of Storms
00:20 Orc Burrow
00:46 War Mill
01:39 Voodoo Lounge
02:41 Watch Tower
02:44 Watch Tower
03:04 Watch Tower
03:22 Stronghold
03:40 Watch Tower
03:51 Orc Burrow
04:13 Orc Burrow
04:17 Orc Burrow
04:59 Watch Tower
05:07 Watch Tower
05:12 Watch Tower
06:20 Beastiary
07:14 Watch Tower
08:58 Beastiary
09:07 Watch Tower
09:48 Watch Tower
10:15 Great Hall
11:00 Watch Tower
11:02 Watch Tower
11:22 Watch Tower
12:25 Orc Burrow
12:27 Watch Tower
12:42 Fortress
13:31 Watch Tower
14:05 Watch Tower
15:10 Watch Tower
15:12 Watch Tower
15:15 Watch Tower
15:16 Watch Tower
18:02 Watch Tower
18:03 Watch Tower
18:04 Watch Tower
18:04 Watch Tower
18:08 Watch Tower
18:09 Watch Tower
18:11 Watch Tower
19:10 Watch Tower
19:11 Watch Tower
19:15 Orc Burrow
» items
| Healing Salve | 2 | |
| Lesser Clarity Potion | 3 | |
| Boots of Speed | 1 | |
| Staff of Teleportation | 1 | |
| Potion of Mana | 2 | |
| Potion of Healing | 1 | |
| Orb of Lightning | 1 | |
11 total
Chat log
(15:30 / All) doda: what are you doing
(15:37 / All) lllIIIIllIIllII: drinking my thai tea
(16:11 / All) doda: this is lame
(16:16 / All) lllIIIIllIIllII: you dont like tea?
(16:17 / All) doda: fuck this pussy shit
(20:21 / All) doda: damn this is pussy shit
(20:24 / All) lllIIIIllIIllII: ?